 Dungeon Crawl Stone Soup version 0.28-a0-69-g49dcd67cf8 (webtiles) character file.

Game seed: 12132271928238266598

52 mcsnuffy the Magician (level 3, 1/19 HPs)
             Began as a Deep Elf Summoner on July 31, 2021.
             Quit the game on level 2 of the Dungeon.
             The game lasted 00:05:34 (1907 turns).

mcsnuffy the Magician (Deep Elf Summoner)           Turns: 1907, Time: 00:05:35

Health: 1/19       AC:  3    Str:  6    XL:     3   Next: 60%
Magic:  8/11       EV: 12    Int: 19    God:
Gold:   19         SH:  0    Dex: 15    Spells: 8/11 levels left

rFire   . . .      SeeInvis .   f - +2 short sword (drain)
rCold   . . .      Faith    .   (no shield)
rNeg    . . .      Spirit   .   a - +0 robe
rPois   .          Reflect  .   (no helmet)
rElec   .          Harm     .   (no cloak)
rCorr   .          Rampage  .   g - +0 pair of gloves
Will    .....                   (no boots)
Stlth   ++........              (no amulet)
HPRegen 0.06/turn               (no ring)
MPRegen 0.12/turn               (no ring)

@: lethally poisoned (1 -> -1), on berserk cooldown, slowed, very slow
A: no striking features
a: no special abilities


You were on level 2 of the Dungeon.
You visited 1 branch of the dungeon, and saw 2 of its levels.

You collected 19 gold pieces.


   Skills:
 - Level 2.4 Dodging
 - Level 2.4 Stealth
 + Level 4.9 Spellcasting
 + Level 4.9 Summonings


You had 8 spell levels left.
You knew the following spells:

 Your Spells              Type           Power      Damage    Failure   Level
c - Call Imp              Summ           23%        N/A       2%          2
z - Summon Small Mammal   Summ           92%        N/A       1%          1

Your spell library contained the following spells:

 Spells                   Type           Power      Damage    Failure   Level
 Call Canine Familiar     Summ           23%        N/A       4%          3
 Summon Guardian Golem    Hex/Summ       14%        N/A       14%         3
 Ensorcelled Hibernation  Hex/Ice        8%         N/A       19%         2
 Confusing Touch          Hex            4%         N/A       36%         3
 Dazzling Flash           Conj/Hex       8%         N/A       36%         3
 Tukima's Dance           Hex            4%         N/A       36%         3
 Summon Ice Beast         Ice/Summ       14%        N/A       41%         4
 Summon Lightning Spire   Summ/Air       14%        N/A       41%         4
 Iskenderun's Mystic Bla  Conj/Tloc      4%         2d3       77%         4
 Starburst                Conj/Fire      2%         8x6d3     100%        6

Inventory:

Hand Weapons
 f - a +2 short sword of draining (weapon)
Missiles
 i - 12 poisoned darts
Armour
 a - a +0 robe (worn)
 g - a +0 pair of gloves (worn)
Scrolls
 b - a scroll of enchant armour {unknown}
 c - a scroll of summoning {unknown}
 d - a scroll of brand weapon {unknown}
 h - a scroll of teleportation {unknown}
 j - a scroll of amnesia {unknown}

Dungeon Overview and Level Annotations

Branches:
Dungeon (2/15)

Altars:

#### ..# # ##### #.# ##.
...###.######### ##...
#.##55........#####
#$....#.)@5)............#
............##.......##.#
#.....#####.####.....##.##
##..) #.# #......>... ##.
#.# #.....##.## # ..#
#.....##... ###
###.<###.## #..# #.# #..#
#.#


You could see a friendly crimson imp (summoned) and 2 friendly white imps.


Message History

* * * LOW HITPOINT WARNING * * *
You feel sick.
Your crimson imp hits the goblin.
The goblin dies!
Your white imp hits the jackal.
Your white imp freezes the jackal.
The jackal dies!
The jackal bites you but does no damage.
You barely miss the jackal.
* * * LOW HITPOINT WARNING * * *
You feel sick. The jackal completely misses you.
You puncture the jackal!
You kill the jackal!
* * * LOW HITPOINT WARNING * * *
You feel sick.
Your white imp hits the kobold.
Your white imp freezes the kobold.
The kobold dies!
Things that are here:
a +0 club; 5 stones You feel a strong urge to attack something.
* * * LOW HITPOINT WARNING * * *
You feel sick.
You are no longer berserk.
You are exhausted.
You feel yourself slow down.
Char dumped successfully.
Unknown command.
Are you sure you want to abandon this character and quit the game? (Confirm with "yes".)
Okay, then.
Unknown command.
Unknown command.
Are you sure you want to abandon this character and quit the game? (Confirm with "yes".)

Skill      XL: |  1 |
---------------+----+-----
Spellcasting   | 4 |  4.9
Dodging        | |  2.4
Stealth        | |  2.4
Summonings     | |  4.9

Action                   || total
-------------------------++-------
Melee: Unarmed           ||    41
       Short sword       ||    42
 Cast: Summon Small Mamm ||    21
       Call Imp          ||     4
  Use: Potion            ||     1
 Stab: Sleeping          ||     1
Armor: Robe              ||    24
Dodge: Dodged            ||    80

Levels and vault maps discovered:
D:1:      erik_arrival_blinker_ship, layout_basic
D:2:      layout_loops_ring, hellmonk_ecumenical_altar_pennies_from_heaven

Notes
Turn   | Place    | Note
-------+----------+-------------------------------------------
     0 | D:1      | mcsnuffy the Deep Elf Summoner began the quest for the Orb.
     0 | D:1      | Reached XP level 1. HP: 10/10 MP: 6/6
   192 | D:1      | HP: 1/10 [giant cockroach (2)]
   506 | D:1      | Got the Papyrus of the Glacier and Malediction
   681 | D:1      | Reached skill level 4 in Spellcasting
   681 | D:1      | Reached XP level 2. HP: 5/15 MP: 3/9
  1227 | D:2      | Found a faded altar of an unknown god.
  1692 | D:2      | Learned a level 2 spell: Call Imp
  1751 | D:2      | Reached XP level 3. HP: 19/19 MP: 7/11
  1905 | D:2      | HP: 2/28 [poisoned by an adder]
  1907 | D:2      | Quit the game

Vanquished Creatures
  An adder (D:2)
  A worm (D:2)
  A bat (D:1)
  An endoplasm (D:2)
  4 giant cockroaches
  A goblin (D:2)
  A hobgoblin (D:2)
  2 jackals (D:2)
  A kobold (D:2)
  A quokka (D:2)
  2 rats (D:1)
16 creatures vanquished.

Vanquished Creatures (collateral kills)
  A gnoll (D:1)
  An adder (D:2)
  A bat (D:1)
  An endoplasm (D:1)
  A giant cockroach (D:1)
  A goblin (D:2)
  2 hobgoblins (D:1)
  2 jackals (D:2)
  A kobold (D:2)
  A quokka (D:2)
  3 ball pythons
15 creatures vanquished.

Grand Total: 31 creatures vanquished

Table legend: (Time is in decaauts)
 A = Elapsed time spent in this place.
 B = Non-inter-level travel time spent in this place.
 C = Inter-level travel time spent in this place.
 D = Time resting spent in this place.
 E = Time spent auto-exploring this place.
 F = Levels seen in this place.
 G = Mean time per level.
                   A        B        C        D        E       F      G
               +--------+--------+--------+--------+--------+-----+--------+
         Total |   1909 |   1886 |     23 |    477 |   1052 |   2 |  954.5 |
       Dungeon |   1909 |   1886 |     23 |    477 |   1052 |   2 |  954.5 |
               +--------+--------+--------+--------+--------+-----+--------+

Top non-repeatable levels by time:
     D:1: 1214 daAuts
     D:2: 694 daAuts

Table legend:
 A = Non-vault XP
 B = Vault XP
 C = Vault XP percentage of total XP
 D = Non-vault monster count
 E = Vault monster count
 F = Vault count percentage of total count
                 A         B        C        D         E       F
            +---------+---------+-------+---------+---------+-------
      Total |      75 |       0 |   0.0 |      31 |       0 |   0.0
            +---------+---------+-------+---------+---------+-------
        D:1 |      21 |       0 |   0.0 |      12 |       0 |   0.0
        D:2 |      54 |       0 |   0.0 |      19 |       0 |   0.0
            +---------+---------+-------+---------+---------+-------
